 Dungeon Crawl Stone Soup version 0.30-a0-422-g946f4849ff (webtiles) character file.

Game seed: 1406405484268830462

267 cforsyth the Chopper (level 6, -21/57 HPs)
             Began as a Hill Orc Monk on Dec 8, 2022.
             Demolished by an ogre
             ... wielding a +0 giant club
              (22 damage)
             ... on level 4 of the Dungeon.
             The game lasted 00:07:03 (4227 turns).

cforsyth the Chopper (Hill Orc Monk)                Turns: 4227, Time: 00:07:04

Health: -21/57     AC:  3    Str: 16    XL:     6   Next: 21%
Magic:  6/6        EV: 12    Int: 10    God:
Gold:   190        SH:  0    Dex: 13    Spells: 5/5 levels left

rFire   . . .      SeeInvis .    a - +0 hand axe
rCold   . . .      Faith    .    (no shield)
rNeg    . . .      Spirit   .    b - +0 robe
rPois   .          Reflect  .    (no helmet)
rElec   .          Harm     .    (no cloak)
rCorr   .          Rampage  .    (no gloves)
Will    .....                    t - +0 pair of boots
Stlth   ++........               (no amulet)
HPRegen 0.29/turn                (no ring)
MPRegen 0.10/turn                (no ring)

@: no status effects
A: no striking features
a: no special abilities


You were on level 4 of the Dungeon.
You visited 1 branch of the dungeon, and saw 4 of its levels.

You collected 190 gold pieces.

Inventory:

Hand Weapons
 a - a +0 hand axe (weapon)
Armour
 b - a +0 robe (worn)
 t - a +0 pair of boots (worn)
Jewellery
 e - an amulet of guardian spirit
 p - a ring of protection from fire
 u - a ring of magical power
Scrolls
 d - a scroll of identify
 f - a scroll of magic mapping
Potions
 c - a potion of ambrosia
 g - 2 potions of flight
 h - 2 potions of heal wounds
 j - a potion of berserk rage {unknown}
 l - a potion of degeneration {unknown}
 m - a potion of haste {unknown}
 n - 2 potions of curing {unknown}


   Skills:
 + Level 6.2 Fighting
 + Level 6.9 Axes
 - Level 2.4 Dodging
 - Level 1.5 Stealth


You had 5 spell levels left.
You didn't know any spells.
Your spell library contained the following spells:

 Spells                   Type           Power      Damage    Failure   Level
 Magic Dart               Conj           0%         1d3       36%         1
 Cigotuvi's Dreadful Rot  Necr/Pois/Air  0%         N/A       50%         2
 Poisonous Vapours        Pois/Air       0%         N/A       50%         2
 Searing Ray              Conj           0%         2d4       50%         2
 Mephitic Cloud           Conj/Pois/Air  0%         N/A       75%         3
 Fulminant Prism          Conj/Hex       0%         3d5       98%         4


Dungeon Overview and Level Annotations

Branches:
Dungeon (4/15)
 Temple: D:4-7

Altars:
Ashenzari
Hepliaklqana
Kikubaaqudgha
Uskayaw
Wu Jian

Shops:
D:4 *


Message History

No target in view!
No target in view!
No target in view!
No target in view!
No target in view!
No target in view!
No target in view!
No target in view!
No target in view!
No target in view!
No target in view!
No target in view!
No target in view!
No target in view!
You now have 190 gold pieces (gained 13).
There is a stone staircase leading down here.
An ogre comes into view. It is wielding a +0 giant club.
The ogre shouts!
The ogre barely misses you.
You hit the ogre.
The ogre is lightly wounded.
You slash the ogre!
The ogre is moderately wounded.
The ogre hits you with a +0 giant club!!
You closely miss the ogre.
The ogre is moderately wounded.
The ogre barely misses you.
You hit the ogre.
The ogre is heavily wounded.
An ogre is nearby!
You slash the ogre!
The ogre is severely wounded.
The ogre hits you with a +0 giant club!!
Ouch! That really hurt!
* * * LOW HITPOINT WARNING * * *
You are too injured to fight recklessly!
You hit the ogre but do no damage.
The ogre is severely wounded.
The ogre hits you with a +0 giant club!!
You die...

##.##### ##... #....#.# #.... ##*
#......###.... *** ##.*
####.......... *,* *#..##
#........... ***,** #***,...###
##.###...... *,,,,**#..,,*#...#
#..####.#...
*,,,,*,.....##...###.....#...##
*,,,**,......O@...#.........#*
**,,****...........>........####
*,,,,,*,.#...................##.
*,,,,,,,,#..............#.......
****,,,,................#...##.#
***,,........##..........####
*,,........##....#####..* # *****
*,,........#.......###.## #
*,,,****,,,,,..*,............####


You could see an ogre.

Vanquished Creatures
  A bullfrog (D:4)
  A hound (D:4)
  A jelly (D:4)
  3 gnolls
  An adder (D:2)
  3 worms (D:3)
  3 dart slugs
  11 orcs
  3 bats
  4 endoplasms
  4 giant cockroaches
  6 goblins
  5 hobgoblins
  3 jackals (D:4)
  4 kobolds
  4 quokkas
  9 ball pythons
  4 frilled lizards
  7 rats
77 creatures vanquished.

Notes
Turn   | Place    | Note
-------+----------+-------------------------------------------
     0 | D:1      | cforsyth the Hill Orc Monk began the quest for the Orb.
     0 | D:1      | Reached XP level 1. HP: 19/19 MP: 1/1
     5 | D:1      | Noticed a black mamba
   106 | D:1      | Reached XP level 2. HP: 19/27 MP: 2/2
   519 | D:1      | Noticed an elephant
   851 | D:2      | Reached XP level 3. HP: 28/34 MP: 3/3
  1010 | D:2      | Reached skill level 5 in Axes
  1925 | D:2      | Reached XP level 4. HP: 4/41 MP: 4/4
  2239 | D:3      | Reached skill level 5 in Fighting
  3084 | D:3      | Reached XP level 5. HP: 11/48 MP: 5/5
  3815 | D:4      | Found Soaxzull's Neck Hole.
  3860 | D:4      | Reached XP level 6. HP: 16/57 MP: 6/6
  4026 | D:4      | Found a broken altar of Ashenzari.
  4031 | D:4      | Found an ornate altar of the Wu Jian Council.
  4034 | D:4      | Found a hide-covered altar of Uskayaw.
  4034 | D:4      | Found an ancient bone altar of Kikubaaqudgha.
  4040 | D:4      | Found a hazy altar of Hepliaklqana.
  4226 | D:4      | HP: 1/57 [ogre/+0 giant club (30)]
  4227 | D:4      | Demolished by an ogre

Illustrated notes

Levels and vault maps discovered:
D:1:      sevenhm_arrival_forest_fort_small_2, layout_basic
D:2:      layout_rooms, serial_aquarium, aquarium_bridge_long_separate
          [aquarium_subvault_wall, aquarium_subvault_bridge,
          aquarium_subvault_bridge, aquarium_subvault_bridge,
          aquarium_subvault_bridge, aquarium_subvault_bridge],
          aquarium_window_corridor_1, aquarium_window_corner, aquarium_view_2d,
          aquarium_view_2e, aquarium_balcony_3b, chequers_arboretum
D:3:      layout_basic, kennysheep_decorative_pillar
D:4:      layout_cave_pools, nicolae_overflow_hallway_of_the_gods,
          nicolae_shop_sticking_my_neck_out

Skill      XL: |  1  2  3  4  5 |
---------------+----------------+-----
Fighting       | 4 5 6 |  6.2
Axes           | 5 6 |  6.9
Dodging        | |  2.4
Stealth        | |  1.5

Action                   |  1- 3 |  4- 6 || total
-------------------------+-------+-------++-------
Melee: Hand axe          |   132 |   186 ||   318
  Use: Scroll            |       |    10 ||    10
       Potion            |       |     1 ||     1
 Stab: Sleeping          |     3 |     1 ||     4
Armor: Robe              |    11 |    18 ||    29
Dodge: Dodged            |   105 |    97 ||   202

Table legend: (Time is in decaauts)
 A = Elapsed time spent in this place.
 B = Non-inter-level travel time spent in this place.
 C = Inter-level travel time spent in this place.
 D = Time resting spent in this place.
 E = Time spent auto-exploring this place.
 F = Levels seen in this place.
 G = Mean time per level.
                   A        B        C        D        E       F      G
               +--------+--------+--------+--------+--------+-----+--------+
         Total |   4238 |   4115 |    123 |    359 |   3058 |   4 | 1059.5 |
       Dungeon |   4238 |   4115 |    123 |    359 |   3058 |   4 | 1059.5 |
               +--------+--------+--------+--------+--------+-----+--------+

Top non-repeatable levels by time:
     D:3: 1398 daAuts
     D:2: 1348 daAuts
     D:1: 844 daAuts
     D:4: 646 daAuts
